 Dungeon Crawl Stone Soup version 0.27-a0-773-gaaee5cf45b (webtiles) character file.

Game seed: 6874557662647378173

721 pkoi the Grappler (level 7, -16/66 HPs)
             Began as a Troll Monk on Mar 26, 2021.
             Killed from afar by a hellion (33 damage)
             ... with damnation
             ... on level 1 of the Abyss.
             The game lasted 00:05:09 (2818 turns).

pkoi the Grappler (Troll Monk)                      Turns: 2818, Time: 00:05:10

Health: -16/66     AC:  5    Str: 22    XL:     7   Next: 42%
Magic:  6/6        EV: 10    Int:  6    God:
Gold:   115        SH:  0    Dex: 16    Spells: 6/6 levels left

rFire    . . .     SeeInvis .     - Unarmed
rCold    + . .     Faith    .   (no shield)
rNeg     . . .     Spirit   .   a - +1 robe
rPois    .         Reflect  .   (helmet restricted)
rElec    .         Harm     .   (no cloak)
rCorr    .         Rampage  .   (gloves unavailable)
Will     .....                  (boots unavailable)
Stlth    ++........             (no amulet)
HPRegen  1.21/turn              d - +6 ring of dexterity
MPRegen  0.10/turn              (no ring)

@: brilliant
A: large, unfitting armour, claws 3, regeneration 1, shaggy fur 1, tough skin 1,
clumsy 1, cold resistance 1
a: no special abilities


You were on level 1 of the Abyss.
You visited 1 branch of the dungeon, and saw 6 of its levels.
You visited the Abyss 1 time.

You collected 115 gold pieces.

Inventory:

Missiles
 p - 5 boomerangs (quivered)
Armour
 a - a +1 robe (worn)
Jewellery
 d - a +6 ring of dexterity (right claw)
 g - an amulet of faith
Wands
 j - a wand of charming (6)
 k - a wand of polymorph (4)
Scrolls
 b - a scroll of blinking {unknown}
 c - 5 scrolls of identify {unknown}
 e - 2 scrolls of teleportation {unknown}
 f - a scroll of brand weapon {unknown}


   Skills:
 + Level 2.8 Fighting
 + Level 1.3 Throwing
 + Level 2.8 Dodging
 - Level 1.0 Stealth
 + Level 8.2 Unarmed Combat


You had 6 spell levels left.
You didn't know any spells.
Your spell library contained the following spells:

 Spells                   Type           Power      Damage    Failure   Level
 Magic Dart               Conj           0%         1d3       45%         1
 Searing Ray              Conj           0%         3d3       58%         2
 Confusing Touch          Hex            0%         N/A       83%         3
 Dazzling Flash           Conj/Hex       0%         N/A       83%         3
 Gell's Gravitas          Tloc           0%         N/A       83%         3
 Fulminant Prism          Conj/Hex       0%         3d6       99%         4
 Iskenderun's Mystic Bla  Conj/Tloc      0%         2d3       99%         4
 Petrify                  Tmut/Erth      0%         N/A       99%         4
 Metabolic Englaciation   Hex/Ice        0%         N/A       100%        5
 Yara's Violent Unravell  Hex/Tmut       0%         3d3       100%        5


Dungeon Overview and Level Annotations

Branches:
Dungeon (8/15)
 Temple: D:4-7         Lair: D:8-11

Altars:
Gozag
Nemelex Xobeh
Ru
Wu Jian

Shops:
D:3 [

Annotations:
D:8 Psyche


Innate Abilities, Weirdness & Mutations

You are too large for most types of armour.
You have claws for hands.
Your natural rate of healing is unusually fast.
You are covered in fur. (AC +1)
You have tough skin. (AC +1)
You are clumsy. (Dex -2)
Your flesh is cold resistant. (rC+)


Message History

A hellion is nearby!
The hellion hits you but does no damage.
Sorry, you're not good enough to have a special ability.
It was a potion of magic.
Magic courses through your body. The hellion hits you. The hellion misses you.
You closely miss the hellion.
The hellion hits you but does no damage.
You claw the hellion!
The hellion is moderately wounded.
The hellion gestures at you.
The sphere of damnation explodes!
The damnation engulfs you!
The damnation engulfs the hellion.
The hellion completely resists.
You scratch the hellion but do no damage.
The hellion is moderately wounded.
The hellion hits you!
You scratch the hellion.
The hellion is moderately wounded.
The hellion gestures at you.
The sphere of damnation explodes!
The damnation engulfs you!!
* * * LOW HITPOINT WARNING * * *
The damnation engulfs the hellion.
The hellion completely resists.
It was a potion of mutation.
You feel extremely strange.
You feel clumsy.
You feel resistant to cold. The hellion hits you.
* * * LOW HITPOINT WARNING * * *
It was a potion of brilliance.
You feel clever all of a sudden. The hellion barely misses you.
You scratch the hellion.
The hellion is heavily wounded.
The hellion closely misses you.
You barely miss the hellion.
The hellion is heavily wounded.
The hellion closely misses you.
You scratch the hellion.
The hellion is heavily wounded.
The hellion gestures at you.
The sphere of damnation explodes!
The damnation engulfs you!!
Ouch! That really hurt!
You die...

....... ........ ..
...... ........ ... .
#.... .....#...# ..#
##...###...###..##..##
..#.....#.....#. .
.....
................... . .
..................##..#
. #......2@........ # .
. #.#.....#.....#. ....
... ##...#
#...###...... . #....
.....#... .. . ........
...... . ..##
.................. ..#
#..............##..# .
.# #.#.....# .........
. ... .....##..#...


You could see a hellion.

Vanquished Creatures
  2 black bears
  An ogre (D:5)
  A phantom (D:5)
  2 orc priests
  A hound (D:4)
  Ijyb (D:3)
  An iguana (D:4)
  2 orc wizards
  Terence (D:2)
  4 gnolls
  5 adders
  A white imp (D:5)
  An ufetubus (D:5)
  An adder skeleton (D:4)
  A worm (D:3)
  A dart slug (D:1)
  5 orcs
  2 bats (D:2)
  7 endoplasms
  A giant cockroach (D:1)
  7 goblins
  6 hobgoblins
  2 jackals (D:1)
  9 kobolds
  5 quokkas
  8 ball pythons
  8 frilled lizards
  6 rats
92 creatures vanquished.

Notes
Turn   | Place    | Note
-------+----------+-------------------------------------------
     0 | D:1      | pkoi the Troll Monk began the quest for the Orb.
     0 | D:1      | Reached XP level 1. HP: 22/22 MP: 0/0
   132 | D:1      | Reached XP level 2. HP: 29/29 MP: 1/1
   280 | D:1      | Reached skill level 4 in Unarmed Combat
   730 | D:2      | Found a sparkling altar of Nemelex Xobeh.
   731 | D:2      | Found an opulent altar of Gozag.
   734 | D:2      | Reached XP level 3. HP: 35/36 MP: 2/2
   756 | D:2      | Noticed Terence
   770 | D:2      | Killed Terence
   892 | D:2      | Reached skill level 5 in Unarmed Combat
   892 | D:2      | Reached XP level 4. HP: 44/44 MP: 3/3
  1102 | D:2      | Found an ornate altar of the Wu Jian Council.
  1184 | D:3      | Noticed Ijyb
  1199 | D:3      | Killed Ijyb
  1345 | D:2      | Reached XP level 5. HP: 13/50 MP: 4/4
  1384 | D:3      | Reached skill level 6 in Unarmed Combat
  1419 | D:3      | Found Kulaheoh's Antique Armour Shoppe.
  2112 | D:4      | Noticed a necrophage
  2257 | D:4      | Found a sacrificial altar of Ru.
  2333 | D:4      | Reached XP level 6. HP: 52/59 MP: 5/5
  2340 | D:4      | Reached skill level 7 in Unarmed Combat
  2400 | D:4      | HP: 2/59 [quokka (3)]
  2586 | D:5      | Entered Level 5 of the Dungeon
  2629 | D:5      | Reached skill level 8 in Unarmed Combat
  2629 | D:5      | Reached XP level 7. HP: 44/66 MP: 6/6
  2699 | D:5      | Reached skill level 1 in Throwing
  2716 | D:5      | You fall into a shaft and drop 3 floors!
  2770 | D:8      | Noticed Psyche
  2776 | D:8      | Cast into level 1 of the Abyss (Psyche)
  2801 | Abyss:1  | Noticed a hellion
  2814 | Abyss:1  | Gained mutation: You are clumsy. (Dex -2) [potion of
                  | mutation]
  2814 | Abyss:1  | Gained mutation: Your flesh is cold resistant. (rC+)
                  | [potion of mutation]
  2818 | Abyss:1  | Killed from afar by a hellion

Illustrated notes

Levels and vault maps discovered:
D:1:      dpeg_arrival_boxes_within_box, layout_basic, hex_medium,
          interstate_on_off, serial_bayou_pond_d
D:2:      layout_rooms, grunt_temple_overflow_opulence, marbit_many_paths,
          uniq_terence
D:3:      layout_basic, serial_shops, nicolae_shop_stone, uniq_ijyb
D:4:      minmay_evil_eye, layout_basic, general_overflow_altar
D:5:      layout_basic, lightli_temple_of_fire, evilmike_ruin_ashenzari,
          lightli_sewer_entry_pipes, uniq_pikel, uniq_menkaure
D:8:      kennysheep_housing_project, layout_basic, minitemple, basic_altar,
          ebering_ghost_xom, uniq_harold, uniq_psyche
Abyss:1:  base:
Temple

Skill      XL: |  1  2  3  4  5  6  7 |
---------------+----------------------+-----
Unarmed Combat | 4 5 6 8 |  8.2
Throwing       | 1 |  1.3
Fighting       | |  2.8
Dodging        | |  2.8
Stealth        | |  1.0

Action                   |  1- 3 |  4- 6 |  7- 9 || total
-------------------------+-------+-------+-------++-------
Melee: Unarmed           |    72 |   134 |    19 ||   225
       Punch             |     2 |     6 |     1 ||     9
Throw: Boomerang         |       |     2 |     7 ||     9
  Use: Scroll            |       |     6 |       ||     6
       Potion            |       |       |     3 ||     3
 Stab: Sleeping          |     2 |     6 |       ||     8
       Distracted        |       |     1 |       ||     1
Armor: Robe              |    14 |    20 |     5 ||    39
Dodge: Dodged            |    34 |    55 |     7 ||    96

Table legend: (Time is in decaauts)
 A = Elapsed time spent in this place.
 B = Non-inter-level travel time spent in this place.
 C = Inter-level travel time spent in this place.
 D = Time resting spent in this place.
 E = Time spent auto-exploring this place.
 F = Levels seen in this place.
 G = Mean time per level.
                   A        B        C        D        E       F      G
               +--------+--------+--------+--------+--------+-----+--------+
         Total |   2799 |   2676 |    123 |    183 |   1791 |   7 |  399.9 |
       Dungeon |   2759 |   2636 |    123 |    179 |   1791 |   6 |  459.8 |
         Abyss |     40 |     40 |      0 |      4 |      0 |   1 |   40.0 |
               +--------+--------+--------+--------+--------+-----+--------+

Top non-repeatable levels by time:
     D:4: 740 daAuts
     D:1: 698 daAuts
     D:3: 638 daAuts
     D:2: 492 daAuts
     D:5: 130 daAuts
     D:8: 59 daAuts
 Abyss:1: 40 daAuts
